Map: Odyssey LE

Players

llIllllIllll - Winner!

  • Race: Protoss Protoss
  • League: Master
  • Spawn Location: 11:00

Sesh

  • Race: Protoss Protoss
  • League: Grandmaster
  • Spawn Location: 5:00

VOD

Have the link to the VOD?

Description

Time

  • Played on: Jan. 8, 2018, 10:22 p.m.
  • Length: 3:24
Show
View Real Time Build Order
Export as new Build Order

llIllllIllll Protoss - Winner!

Build Orders: Cannon Rush 

Get SALT Encoding   

  12  0:00  Probe  
  13  0:13  Probe (Chrono Boost)  
  14  0:17  Pylon  
  14  0:25  Probe (Chrono Boost)  
  15  0:34  Probe (Chrono Boost)  
  16  0:40  Forge  
  16  0:43  Probe  
  17  0:56  Probe  
  18  1:13  Pylon  
  18  1:15  Pylon  
  18  1:17  Pylon  
  18  1:18  Pylon  
  18  1:33  Photon Cannon  
  18  1:37  Photon Cannon  
  18  1:40  Pylon  
  17  1:51  Photon Cannon  
  17  1:53  Pylon  
  17  2:01  Pylon  
  17  2:06  Photon Cannon  
  17  2:14  Photon Cannon  
  17  2:21  Pylon  
  17  2:25  Photon Cannon  
  17  2:36  Photon Cannon  
  17  2:50  Photon Cannon  
  17  2:53  Pylon  
  17  2:59  Photon Cannon  
  17  3:00  Photon Cannon  
Show
View Real Time Build Order
Export as new Build Order

Sesh Protoss 

Build Orders:  

Get SALT Encoding   

  12  0:00  Probe  
  13  0:13  Probe  
  14  0:20  Pylon  
  14  0:25  Probe  
  15  0:38  Probe (Chrono Boost)  
  15  0:39  Gateway  
  16  0:48  Probe (Chrono Boost)  
  17  0:51  Assimilator  
  17  0:53  Probe (Chrono Boost)  
  18  1:04  Probe  
  18  1:08  Gateway  
  19  1:11  Assimilator  
  19  1:16  Probe  
  20  1:24  Zealot (Chrono Boost)  
  20  1:29  Cybernetics Core  
  22  1:34  Pylon  
  24  1:59  Zealot (Chrono Boost)  
  24  2:02  Stalker (Chrono Boost)  
  21  2:20  Stalker (Chrono Boost)  
  23  2:25  Stalker  
  21  2:49  Pylon  
Tags
 
Matchup
PvP
Spawn Locations
Cross Positions
Add a new tag
Caveats
  • Supply blocks, unpowered buildings, or Contaminate may cause inaccurate times.
  • Supply counts are checked every 10 seconds.